 Dungeon Crawl Stone Soup version 0.22-a0-322-g60b3cfd (webtiles) character file.

81 xccam the Covered (level 4, -2/57 HPs)
             Began as a Gnoll Wanderer on Apr 3, 2018.
             Slain by a worm (6 damage)
             ... on level 2 of the Dungeon.
             The game lasted 00:04:11 (1269 turns).

xccam the Covered (Gnoll Wanderer)                  Turns: 1269, Time: 00:04:12

Health: -2/57      AC: 24    Str: 11    XL:     4   Next: 42%
Magic:  6/6        EV:  2    Int: 16    God:
Gold:   90         SH:  6    Dex: 17    Spells: 5/5 levels left

rFire    . . .     SeeInvis .   l - +1 mace (holy)
rCold    . . .     Gourm    .   j - +2 buckler
rNeg     + + +     Faith    .   (armour currently unavailable)
rPois    +         Spirit   .   (helmet currently unavailable)
rElec    .         Reflect  .   (cloak currently unavailable)
rCorr    .         Harm     .   (gloves currently unavailable)
MR       .....     NoTele   +   (boots currently unavailable)
Stlth    ++........             (no amulet)
HPRegen  0.19/turn              p - +2 ring of protection
MPRegen  0.10/turn              (no ring)

@: lethally poisoned (-2 -> -3), tree-form (expiring)
A: distributed training, strong nose
a: no special abilities


You were on level 2 of the Dungeon.
You were hungry.
You were a tree.
You visited 1 branch of the dungeon, and saw 2 of its levels.

You collected 90 gold pieces.

Inventory:

Hand Weapons
 b - a +2 blowgun
 l - a +1 mace of holy wrath (weapon)
Missiles
 a - 3 curare-tipped needles
Armour
 d - a +0 ring mail (melded)
 j - a +2 buckler (worn)
 n - a +0 pair of boots (melded)
Jewellery
 p - a +2 ring of protection (left branch)
Scrolls
 e - 2 scrolls of enchant weapon {unknown}
 i - a scroll of remove curse {unknown}
 k - a scroll of noise {unknown}
 m - a scroll of enchant armour {unknown}
 q - a scroll of identify {unknown}
 r - a scroll of amnesia {unknown}
Potions
 c - a potion of lignification
 g - a potion of degeneration {unknown}
 h - 2 potions of mutation {unknown}
 o - a potion of berserk rage {unknown}
 s - a potion of curing {unknown}
Comestibles
 f - 3 rations


   Skills:
 + Level 4.6 Fighting
 + Level 1.1 Short Blades
 + Level 1.1 Long Blades
 + Level 1.1 Axes
 + Level 1.1 Maces & Flails
 + Level 1.1 Polearms
 + Level 1.1 Staves
 + Level 1.1 Slings
 + Level 4.6 Bows
 + Level 1.1 Crossbows
 + Level 2.7 Throwing
 + Level 4.6 Armour
 + Level 1.1 Dodging
 + Level 2.5 Stealth
 + Level 1.1 Shields
 + Level 2.7 Unarmed Combat
 + Level 1.1 Spellcasting
 + Level 0.8 Conjurations
 + Level 0.8 Hexes
 + Level 0.8 Charms
 + Level 0.8 Summonings
 + Level 0.8 Necromancy
 + Level 0.8 Translocations
 + Level 0.8 Transmutations
 + Level 0.8 Fire Magic
 + Level 0.8 Ice Magic
 + Level 0.8 Air Magic
 + Level 0.8 Earth Magic
 + Level 0.8 Poison Magic
 + Level 1.2 Invocations
 + Level 2.7 Evocations


You had 5 spell levels left.
You didn't know any spells.

Dungeon Overview and Level Annotations

Branches:
Dungeon (2/15)

Altars:
Qazlal


Innate Abilities, Weirdness & Mutations

Your experience applies equally to all skills.
((You have very sharp teeth.))
Your uncanny sense of smell can sniff out nearby items.


Message History

The adder is almost dead.
You feel sick. The adder bites you.
* * * LOW HITPOINT WARNING * * *
The adder bites you but does no damage.
You hit the adder.
You kill the adder!
You hit the worm.
The worm is lightly wounded.
You feel sick. The worm bites you but does no damage.
You hit the worm.
The worm is moderately wounded.
Your transformation is almost over.
You block the worm's attack.
You hit the worm.
The worm is moderately wounded.
You feel sick.
You hit the worm.
The worm is heavily wounded.
The worm bites you.
You die...

###### ###
#.##.########### #.#
#.#..#.........# #.#
#....#.#######.####.#
#.#.##.# #........#
#.#.)..# #.#.####.#
#.######
#.#.####.##.##
#......# #
#..♣w......# #......#
#######..#.# #......#
∆ ..# ..###### ..#
### ..# ..# ..# ..#


You could see a worm.

Vanquished Creatures
  3 adders (D:2)
  2 worms (D:2)
  A dart slug (D:1)
  A leopard gecko (D:2)
  A ball python (D:1)
  A giant cockroach (D:1)
  3 goblins
  10 hobgoblins
  4 jackals (D:2)
  5 bats
  4 frilled lizards
  6 kobolds
  4 rats
45 creatures vanquished.

Notes
Turn   | Place    | Note
-------+----------+-------------------------------------------
     0 | D:1      | xccam the Gnoll Wanderer began the quest for the Orb.
     0 | D:1      | xccam set off with: 3 curare-tipped needles, a +2 blowgun, a potion of lignification, a +0 ring mail, a ration
     0 | D:1      | Reached XP level 1. HP: 20/20 MP: 2/2
   156 | D:1      | Reached XP level 2. HP: 22/26 MP: 3/3
   526 | D:1      | Reached XP level 3. HP: 25/31 MP: 4/4
   866 | D:2      | Reached skill level 1 in Invocations
   878 | D:2      | Found a stormy altar of Qazlal.
   967 | D:2      | Reached skill level 1 in Short Blades
   967 | D:2      | Reached skill level 1 in Long Blades
   967 | D:2      | Reached skill level 1 in Axes
   967 | D:2      | Reached skill level 1 in Maces & Flails
   967 | D:2      | Reached skill level 1 in Polearms
   967 | D:2      | Reached skill level 1 in Staves
   967 | D:2      | Reached skill level 1 in Slings
   967 | D:2      | Reached skill level 1 in Crossbows
   967 | D:2      | Reached skill level 1 in Dodging
   967 | D:2      | Reached skill level 1 in Shields
   967 | D:2      | Reached skill level 1 in Spellcasting
  1141 | D:2      | Reached XP level 4. HP: 30/38 MP: 6/6
  1269 | D:2      | Slain by a worm

Vault maps used:
D:1:      lemuel_arrival_broad_hall
D:2:      kb_forest_paths, nicolae_overflow_crystal_walls

Skill      XL: |  1  2  3 |
---------------+----------+-----
Invocations    | 1 |  1.2
Short Blades   | 1 |  1.1
Long Blades    | 1 |  1.1
Axes           | 1 |  1.1
Maces & Flails | 1 |  1.1
Polearms       | 1 |  1.1
Staves         | 1 |  1.1
Slings         | 1 |  1.1
Crossbows      | 1 |  1.1
Dodging        | 1 |  1.1
Shields        | 1 |  1.1
Spellcasting   | 1 |  1.1
Fighting       | |  4.6
Bows           | |  4.6
Throwing       | |  2.7
Armour         | |  4.6
Stealth        | |  2.5
Unarmed Combat | |  2.7
Conjurations   | |  0.8
Hexes          | |  0.8
Charms         | |  0.8
Summonings     | |  0.8
Necromancy     | |  0.8
Translocations | |  0.8
Transmutations | |  0.8
Fire Magic     | |  0.8
Ice Magic      | |  0.8
Air Magic      | |  0.8
Earth Magic    | |  0.8
Poison Magic   | |  0.8
Evocations     | |  2.7

Action                   |  1- 3 |  4- 6 || total
-------------------------+-------+-------++-------
Melee: Unarmed           |    77 |       ||    77
       Bite              |    14 |     3 ||    17
       Mace              |    67 |    46 ||   113
  Use: Potion            |       |     1 ||     1
 Stab: Sleeping          |     4 |       ||     4
  Eat: Chunk             |     1 |       ||     1
Armor: Ring mail         |    54 |    17 ||    71
       Skin              |       |    14 ||    14
Dodge: Dodged            |    64 |    20 ||    84
Block: Buckler           |    30 |    15 ||    45

Table legend:
 A = Spawn XP
 B = Non-spawn XP
 C = Spawn XP percentage of total XP
 D = Spawn monster count
 E = Non-spawn monster count
 F = Spawn count percentage of total count
 G = Total turns spent on level
                    A         B        C        D         E        F      G
               +---------+---------+-------+---------+---------+-------+---------
         Total |       0 |     117 |   0.0 |       0 |      45 |   0.0 |  1269
               +---------+---------+-------+---------+---------+-------+---------
           D:1 |       0 |      36 |   0.0 |       0 |      22 |   0.0 |   695
           D:2 |       0 |      81 |   0.0 |       0 |      23 |   0.0 |   574
               +---------+---------+-------+---------+---------+-------+---------
